 Dungeon Crawl Stone Soup version 0.29.1-12-g30fa7ad0bf (webtiles) character file.

Game seed: 8964172158698021776

3785 funkygono the Thaumaturge (level 9, -2/59 HPs)
             Began as a Demonspawn Fire Elementalist on Jan 2, 2023.
             Was an Initiate of Vehumet.
             Slain by a yak (9 damage)
             ... on level 8 of the Dungeon.
             The game lasted 00:13:53 (9403 turns).

funkygono the Thaumaturge (DsFE)                    Turns: 9403, Time: 00:13:54

Health: -2/59      AC:  9    Str: 10    XL:     9   Next: 95%
Magic:  5/21       EV: 28    Int: 20    God:    Vehumet [......]
Gold:   394        SH:  0    Dex: 13    Spells: 10/25 levels left

rFire   . . .      SeeInvis .   J - +1 long sword (protect)
rCold   . . .      Faith    .   (no shield)
rNeg    + . .      Spirit   .   a - +0 robe
rPois   .          Reflect  .   e - +1 hat
rElec   .          Harm     .   (no cloak)
rCorr   .          Rampage  .   c - +1 pair of gloves
Will    .....                   n - +1 pair of boots
Stlth   ++........              h - amulet of the acrobat
HPRegen 0.19/turn               y - ring of wizardry
MPRegen 0.17/turn               s - ring of positive energy

@: mighty, acrobatic
A: horns 2, molten scales 1, ignite blood 1, powered by pain 2
a: Renounce Religion


You were on level 8 of the Dungeon.
You worshipped Vehumet.
Vehumet was noncommittal.
You visited 2 branches of the dungeon, and saw 9 of its levels.

You collected 394 gold pieces.

Inventory:

Hand Weapons
 b - a +1 morningstar of venom
 i - a +0 flail
 l - a +0 whip
 r - a +1 dagger of speed
 w - the +1 sling of Expedience {freeze, Str+6}
   (You took it off an orc on level 5 of the Dungeon)

   Any ammunition fired from it freezes those it strikes, dealing additional
   cold damage.
   It can also slow down cold-blooded creatures.
   Str:       It affects your strength (+6).
 G - a +1 flail of draining
 J - a +1 long sword of protection (weapon)
Armour
 a - a +0 robe (worn)
 c - a +1 pair of gloves (worn)
 e - a +1 hat (worn)
 n - a +1 pair of boots (worn)
 p - a +0 leather armour
 B - a +2 ring mail of cold resistance
Jewellery
 h - an amulet of the acrobat (around neck)
 s - a ring of positive energy (right hand)
 y - a ring of wizardry (left hand)
Wands
 F - a wand of iceblast (4)
 H - a wand of paralysis (12)
Scrolls
 f - a scroll of magic mapping
 m - a scroll of amnesia
 t - 2 scrolls of immolation
 u - 2 scrolls of teleportation
 C - a scroll of enchant armour
 E - a scroll of summoning
Potions
 d - a potion of brilliance
 g - a potion of curing
 j - a potion of lignification
 k - 2 potions of might
 q - 2 potions of ambrosia
 v - 2 potions of mutation
 x - 2 potions of heal wounds {unknown}
 z - 3 potions of flight
 A - 2 potions of degeneration {unknown}
 D - 2 potions of cancellation {unknown}
 I - a potion of haste


   Skills:
 + Level 1.5 Fighting
 + Level 0.4 Short Blades
 + Level 0.3 Maces & Flails
 + Level 3.6 Dodging
 - Level 1.7 Stealth
 + Level 8.9 Spellcasting
 + Level 5.3 Conjurations
 + Level 8.1 Fire Magic


You had 10 spell levels left.
You knew the following spells:

 Your Spells              Type           Power      Damage    Failure   Level
a - Foxfire               Conj/Fire      100%       2x1d9     1%          1
b - Scorch                Fire           82%        2d9       1%          2
c - Conjure Flame         Conj/Fire      36%        6-21      1%          3
d - Flame Wave            Conj/Fire      36%        2d10      1%          4
e - Fireball              Conj/Fire      18%        3d9       5%          5

Your spell library contained the following spells:

 Spells                   Type           Power      Damage    Failure   Level
 Inner Flame              Hex/Fire       25%        N/A       1%          3
 Call Canine Familiar     Summ           8%         N/A       10%         3
 Ozocubu's Armour         Ice            8%         N/A       10%         3
 Portal Projectile        Hex/Tloc       16%        N/A       10%         3
 Starburst                Conj/Fire      18%        6d7       28%         6
 Leda's Liquefaction      Hex/Erth       4%         N/A       30%         4
 Metabolic Englaciation   Hex/Ice        4%         N/A       61%         5
 Simulacrum               Ice/Necr       4%         N/A       99%         6
 Ignition                 Fire           20%        3d7       99%         8


Dungeon Overview and Level Annotations

Branches:
Dungeon (8/15)             Temple (1/1) D:7
   Lair: D:8-11

Altars:
Cheibriados
Fedhas
Gozag
Hepliaklqana
Kikubaaqudgha
Makhleb
Nemelex Xobeh
Okawaru
Qazlal
Ru
Sif Muna
Trog
Uskayaw
Vehumet
Wu Jian
Xom
Yredelemnul

Shops:
D:2 [

Portals:
Abyss: D:4

Annotations:
D:4 2 transporters, nullcheck's ghost, amateur GrEE
D:6 2 transporters, MisterFreud's ghost, novice GnBr


Innate Abilities, Weirdness & Mutations

You have a pair of horns on your head.
You are partially covered in molten scales. (AC +2)
Your demonic aura sometimes causes spilled blood to erupt in flames.
You sometimes gain power by taking damage.


Message History

Casting: Flame Wave (dangerous; 1% risk of failure)
Confirm with . or Enter, or press ? or * to list all spells.
Casting: Flame Wave (dangerous; 1% risk of failure)
Press: ? - help, Dir - look around, f - activate A wave of flame ripples out!
The flame wave engulfs the cyclops!
The cyclops is heavily wounded. (Press . to intensify the flame waves.)
The cyclops hits you!!
* * * LOW HITPOINT WARNING * * *
You focus on the pain.
You feel very mighty all of a sudden.
A wave of flame ripples out!
The flame wave engulfs the cyclops.
The cyclops is severely wounded.
Unknown command.
A wave of flame ripples out!
The flame wave engulfs the cyclops but does no damage.
The cyclops is severely wounded.
You finish channelling waves of flame.
You hear a roar!
You hear a bellow!
The cyclops misses you.
Unknown command.
Casting: Flame Wave (dangerous; 1% risk of failure)
Confirm with . or Enter, or press ? or * to list all spells.
You don't have enough magic to cast this spell.
Unknown command.
You fade into invisibility!
The cyclops barely misses you.
Casting: Flame Wave (dangerous; 1% risk of failure)
Confirm with . or Enter, or press ? or * to list all spells.
Okay, then.
Okay, then.
An acid dragon comes into view.
You flicker for a moment.
A yak comes into view.
The yak moves out of view. 2 yaks come into view.
You flicker back into view.
The yak bellows! x3
The yak gores you!
You die...

.# .............. .#
#...##.##...... .# ###.._.
#.##..#.## .#### #.#....
#......... ....#
#.#######....#.#.. ###C#
#................. # #.###
#............#.#.. # #...#
#................. ###.#
##@Y...............
#####.#########.Y#..###..##..##..
(.....C...........Y.# ### #..# ..
####.#.###.#######.Y..# #..## #.#
....# #D#.# ..# ...+ .'.#####.#
...# #.#.# ..# ..# ...#.. ..#


You could see 2 yaks.

Vanquished Creatures
  A cyclops (D:8)
  A komodo dragon (D:8)
  A wyvern (D:8)
  A steam dragon (D:8)
  3 water moccasins
  3 orc warriors
  2 ice beasts
  3 black bears
  An ogre (D:4)
  A centaur (D:8)
  A kobold brigand (D:7)
  A phantom (D:5)
  A necrophage (D:8)
  3 scorpions (D:5)
  3 bullfrogs
  A gnoll sergeant (D:6)
  4 wights (D:8)
  2 orc priests
  6 hounds
  2 jellies (D:6)
  2 iguanas
  2 gnoll boudas
  7 orc wizards
  6 adders
  15 gnolls
  2 white imps
  An ufetubus (D:5)
  3 worms
  A dart slug (D:1)
  19 orcs
  4 endoplasms
  2 giant cockroaches
  13 goblins
  12 hobgoblins
  2 jackals (D:2)
  8 kobolds
  A quokka (D:3)
  4 ball pythons (D:2)
  3 bats
  A frilled lizard (D:1)
  2 rats (D:3)
151 creatures vanquished.

Vanquished Creatures (others)
  455 foxfires
  4 plants (D:8)
459 creatures vanquished.

Grand Total: 610 creatures vanquished

Notes
Turn   | Place    | Note
-------+----------+-------------------------------------------
     0 | D:1      | funkygono the Demonspawn Fire Elementalist began the quest
                  | for the Orb.
     0 | D:1      | Reached XP level 1. HP: 13/13 MP: 3/3
   795 | D:1      | Gained mutation: You sometimes gain a little power by
                  | taking damage. [demonic ancestry]
   795 | D:1      | Reached XP level 2. HP: 19/19 MP: 1/5
   798 | D:1      | Learned a level 2 spell: Scorch
  1342 | D:2      | Reached XP level 3. HP: 8/24 MP: 1/6
  1862 | D:2      | Found a faded altar of an unknown god.
  1950 | D:2      | Found Wethrink's Armour Shop.
  2439 | D:3      | Gained mutation: You have a pair of small horns on your
                  | head. [demonic ancestry]
  2439 | D:3      | Reached XP level 4. HP: 30/30 MP: 3/7
  2519 | D:3      | Found a sparkling altar of Nemelex Xobeh.
  2855 | D:3      | Found a sacrificial altar of Ru.
  3355 | D:3      | Learned a level 3 spell: Conjure Flame
  3484 | D:4      | Found a hazy altar of Hepliaklqana.
  3501 | D:4      | Found a transporter.
  4080 | D:4      | Found a one-way gate to the infinite horrors of the Abyss.
  4080 | D:4      | Noticed nullcheck's ghost (amateur GrEE)
  4091 | D:4      | Found a transporter.
  4163 | D:4      | Noticed a small abomination
  4286 | D:5      | Entered Level 5 of the Dungeon
  4318 | D:5      | Noticed a scorpion
  4339 | D:5      | Killed a scorpion
  4340 | D:5      | Gained mutation: You sometimes gain power by taking damage.
                  | [demonic ancestry]
  4340 | D:5      | Reached XP level 5. HP: 16/35 MP: 0/9
  4969 | D:5      | Gained mutation: You are partially covered in molten
                  | scales. (AC +2) [demonic ancestry]
  4969 | D:5      | Reached XP level 6. HP: 41/41 MP: 7/11
  5130 | D:4      | Gained mutation: You have a pair of horns on your head.
                  | [demonic ancestry]
  5130 | D:4      | Reached XP level 7. HP: 26/46 MP: 10/13
  5279 | D:5      | Found a basalt altar of Yredelemnul.
  5443 | D:5      | Reached skill level 5 in Spellcasting
  5443 | D:5      | Reached skill level 5 in Fire Magic
  5443 | D:5      | Identified the +1 sling of Expedience {freeze, Str+6}
  5752 | D:5      | Found a burning altar of Makhleb.
  5936 | D:5      | Learned a level 4 spell: Flame Wave
  5979 | D:6      | Gained mutation: Your demonic aura sometimes causes spilled
                  | blood to erupt in flames. [demonic ancestry]
  5979 | D:6      | Reached XP level 8. HP: 52/52 MP: 10/16
  6151 | D:6      | HP: 2/52 [orc wizard/puff of flame (1)]
  6840 | D:6      | Reached skill level 1 in Fighting
  7015 | D:6      | Found a transporter.
  7016 | D:6      | Noticed a cyclops
  7018 | D:6      | Noticed MisterFreud's ghost (novice GnBr)
  7186 | D:6      | Found a transporter.
  7512 | D:7      | Found a hide-covered altar of Uskayaw.
  7685 | D:7      | Reached XP level 9. HP: 59/59 MP: 12/19
  7791 | D:7      | Found an ornate altar of the Wu Jian Council.
  8022 | D:7      | Found a staircase to the Ecumenical Temple.
  8031 | Temple   | Entered the Ecumenical Temple
  8053 | Temple   | Became a worshipper of Vehumet
  8620 | D:7      | Learned a level 5 spell: Fireball
  8748 | D:8      | Noticed a komodo dragon
  8772 | D:8      | Killed a komodo dragon
  9095 | D:8      | Found an iron altar of Okawaru.
  9313 | D:8      | Reached skill level 5 in Conjurations
  9364 | D:8      | Noticed a cyclops
  9368 | D:8      | Noticed a cyclops
  9375 | D:8      | Killed a cyclops
  9376 | D:8      | HP: 2/59 [cyclops (22)]
  9403 | D:8      | Slain by a yak

Illustrated notes

Levels and vault maps discovered:
D:1:      matt_arrival_spirals, layout_loops_corners
D:2:      cheibrodos_greedy_goblins, layout_rooms, basic_ecumenical_altar,
          serial_shops, nicolae_shop_hallway_plus, minmay_misc_feat_encased
D:3:      minmay_skewed_foursquare, layout_basic, nemelex_diamond_rough_becter,
          nicolae_ru_sacrificial_ziggurat, serial_bayou_crossing
D:4:      layout_loops_corners, mainiacjoe_overflow_catwalk_spiral,
          gammafunk_ghost_abyssal_escape
D:5:      layout_rooms, mainiacjoe_overflow_catwalk, lemuel_doored_altar,
          old_standard_altar
D:6:      layout_loops_ring, gammafunk_ghost_arena
D:7:      layout_basic, mainiacjoe_overflow_tiny_flanked,
          mainiacjoe_overflow_concentric_impassable, minmay_temple_entry_trees
D:8:      layout_gridville, mainiacjoe_overflow_alcove_1, serial_glass,
          glass_columns_a, glass_columns_b, glass_columns_a, glass_columns_b,
          glass_columns_b, glass_columns_a, glass_columns_b, glass_columns_b,
          minmay_misc_feat_enclosed, minmay_shattered_shrine
Temple:   dpeg_chambers_temple

Skill      XL: |  1  2  3  4  5  6  7  8  9 |
---------------+----------------------------+-----
Fire Magic     | 3 4 5 7 8 |  8.1
Dodging        | 2 3 |  3.6
Spellcasting   | 3 4 5 7 8 |  8.9
Conjurations   | 2 3 4 5 |  5.3
Fighting       | 1 |  1.5
Short Blades   | |  0.4
Maces & Flails | |  0.3
Stealth        | |  1.7

Action                   |  1- 3 |  4- 6 |  7- 9 || total
-------------------------+-------+-------+-------++-------
Melee: Unarmed           |     1 |       |       ||     1
       Flail             |     3 |       |       ||     3
       Whip              |     1 |     1 |       ||     2
       Dagger            |       |    13 |    17 ||    30
       Punch             |       |     1 |     1 ||     2
       Headbutt          |       |       |     5 ||     5
       Long sword        |       |       |     5 ||     5
 Cast: Foxfire           |    59 |    65 |   147 ||   271
       Scorch            |     5 |    13 |    51 ||    69
       Flame Wave        |       |       |    11 ||    11
  Use: Potion            |     1 |     1 |     5 ||     7
       Scroll            |     5 |     9 |     5 ||    19
Armor: Robe              |     5 |    15 |    19 ||    39
Dodge: Dodged            |    19 |    35 |    65 ||   119
